 Dungeon Crawl Stone Soup version 0.23.1 (webtiles) character file.

Game seed: 5878811340816739344

242 redwoodhats the Poker (level 5, 0/45 HPs)
             Began as a Centaur Fighter on Mar 17, 2019.
             Slain by a gnoll
             ... wielding a +0 spear
              (3 damage)
             ... on level 3 of the Dungeon.
             The game lasted 00:19:18 (1691 turns).

redwoodhats the Poker (Centaur Fighter)             Turns: 1691, Time: 00:19:19

Health: 0/45       AC: 11    Str: 22 (24) XL:     5   Next: 82%
Magic:  5/5        EV:  3    Int:  6 (7)  God:
Gold:   188        SH:  8    Dex:  7 (9)  Spells: 4/4 levels left

rFire    + . .     SeeInvis .   a - +0 trident
rCold    x . .     Gourm    .   c - +0 shield
rNeg     + . .     Faith    .   b - +0 scale mail
rPois    .         Spirit   .   (no helmet)
rElec    .         Reflect  .   (no cloak)
rCorr    .         Harm     .   (no gloves)
MR       .....                  l - +0 centaur barding
Stlth    ..........             (no amulet)
HPRegen  0.15/turn              j - ring of positive energy
MPRegen  0.09/turn              k - ring of fire

@: mighty, very quick
A: large, hooves 3, deformed body, speed 2, tough skin 3
a: no special abilities


You were on level 3 of the Dungeon.
You were not hungry.

You visited 1 branch of the dungeon, and saw 3 of its levels.

You collected 188 gold pieces.

Inventory:

Hand Weapons
 a - a +0 trident (weapon)
Missiles
 n - a throwing net (quivered)
Armour
 b - a +0 scale mail (worn)
 c - a +0 shield (worn)
 l - a +0 centaur barding (worn)
Jewellery
 j - a ring of positive energy (left hand)
 k - a ring of fire (right hand)
Wands
 g - a wand of polymorph (7)
Scrolls
 e - a scroll of magic mapping
 h - 2 scrolls of identify
Comestibles
 f - 4 rations


   Skills:
 + Level 3.3 Fighting
 + Level 3.7 Polearms
 + Level 3.4 Armour
 + Level 0.5 Dodging
 + Level 0.2 Stealth
 + Level 2.6 Shields
 + Level 0.1 Unarmed Combat


You had 4 spell levels left.
You didn't know any spells.
Your spell library was empty.

Dungeon Overview and Level Annotations

Branches:
Dungeon (3/15)

Altars:
Cheibriados
Ru


Innate Abilities, Weirdness & Mutations

You have hooves in place of feet.
Armour fits poorly on your strangely shaped body.
You cover ground very quickly.
You have extremely tough skin. (AC +3)


Message History

You hear some strange, mumbled words.
A puff of frost appears from out of thin air!
The puff of frost hits you!
You feel a terrible chill!
* * * LOW HITPOINT WARNING * * *
The gnoll hits you from afar with a +0 spear.
* * * LOW HITPOINT WARNING * * *
You feel very mighty all of a sudden.
Something hits you but does no damage. x2; You block the gnoll's attack.
You barely miss something. Your kick misses something. Something hits you.
* * * LOW HITPOINT WARNING * * *
You block the gnoll's attack. Something hits you but does no damage.
You puncture something! You kick something.
Reactivating autopickup.
You feel a bit more experienced. You block the gnoll's attack.
The gnoll hits you but does no damage.
Items here: ))) [[ †††† You hit the gnoll.
The gnoll is severely wounded.
The gnoll hits you with a +0 spear.
You die...

........†.g...........#
.........<............#
......................#
.....................#
.............#......##
........######..#....#
..........# ##...##..
.....###.#####..## #.##
#..@g.....#
#######....# #.......
..#..##.. .oo.## #
..... ...#..# ##.


You could see a gnoll.

Vanquished Creatures
  An orc wizard (D:3)
  Jessica (D:3)
  A worker ant (D:3)
  6 gnolls
  4 adders
  3 worms
  2 dart slugs (D:1)
  A leopard gecko (D:1)
  3 orcs (D:3)
  3 giant cockroaches
  5 goblins
  3 hobgoblins
  4 jackals
  2 quokkas (D:2)
  A ball python (D:2)
  A ball python skeleton (D:2)
  4 bats
  A frilled lizard (D:2)
  8 kobolds
  5 rats
59 creatures vanquished.

Notes
Turn   | Place    | Note
-------+----------+-------------------------------------------
     0 | D:1      | redwoodhats the Centaur Fighter began the quest for the
                  | Orb.
     0 | D:1      | Reached XP level 1. HP: 19/19 MP: 1/1
   132 | D:1      | Reached XP level 2. HP: 26/26 MP: 2/2
   866 | D:2      | Reached XP level 3. HP: 28/31 MP: 3/3
   879 | D:2      | Found a snail-covered altar of Cheibriados.
  1208 | D:2      | Reached XP level 4. HP: 32/38 MP: 4/4
  1576 | D:3      | Found a sacrificial altar of Ru.
  1581 | D:3      | Reached XP level 5. HP: 43/45 MP: 5/5
  1605 | D:3      | Noticed Jessica
  1622 | D:3      | Killed Jessica
  1688 | D:3      | HP: 2/45 [something (1)]
  1691 | D:3      | Slain by a gnoll

Skill      XL: |  1  2  3  4  5 |
---------------+----------------+-----
Polearms       | 2 3 |  3.7
Armour         | 3 |  3.4
Fighting       | |  3.3
Dodging        | |  0.5
Stealth        | |  0.2
Shields        | |  2.6
Unarmed Combat | |  0.1

Action                   |  1- 3 |  4- 6 || total
-------------------------+-------+-------++-------
Melee: Trident           |   130 |    85 ||   215
       Kick              |    16 |    12 ||    28
       Unarmed           |       |    11 ||    11
  Use: Potion            |     4 |     4 ||     8
       Scroll            |     3 |     3 ||     6
  Eat: Ration            |     1 |       ||     1
Armor: Scale mail        |    59 |    43 ||   102
Dodge: Dodged            |    24 |    20 ||    44
Block: Shield            |    43 |    46 ||    89
